 Dungeon Crawl Stone Soup version 0.28-a0-793-g31680bbd8b (webtiles) character file.

Game seed: 16585274688073896525

49 demibob the Ruffian (level 3, 27/27 HPs)
             Began as a Ghoul Monk on Nov 4, 2021.
             Was a Believer of Hepliaklqana.
             Quit the game on level 2 of the Dungeon.
             The game lasted 00:01:14 (1993 turns).

demibob the Ruffian (Ghoul Monk)                    Turns: 1993, Time: 00:01:15

Health: 27/27      AC:  2    Str: 15    XL:     3   Next: 77%
Magic:  2/2        EV: 12    Int:  5    God:    Hepliaklqana [**....]
Gold:   51         SH:  0    Dex: 11    Spells: 2/2 levels left

rFire   . . .      SeeInvis .     - Unarmed
rCold   + . .      Faith    .   (no shield)
rNeg    + + +      Spirit   .   a - +0 robe
rPois   ∞          Reflect  .   (no helmet)
rElec   .          Harm     .   (no cloak)
rCorr   .          Rampage  .   (no gloves)
Will    .....                   (no boots)
Stlth   ++........              (no amulet)
HPRegen 0.09/turn               (no ring)
MPRegen 0.08/turn               (no ring)

@: no status effects
A: reduced essence, claws 1, cold resistance 1, negative energy resistance 3,
inhibited regeneration, torment resistance 2
a: Renounce Religion, Ancestor Life: Knight, Ancestor Life: Battlemage, Ancestor
Life: Hexer, Recall Ancestor, Ancestor Identity


You were on level 2 of the Dungeon.
You worshipped Hepliaklqana.
Hepliaklqana was pleased with you.
You visited 1 branch of the dungeon, and saw 2 of its levels.

You collected 51 gold pieces.


Innate Abilities, Weirdness & Mutations

Your life essence is reduced to manifest your ancestor. (-10% HP)
You thrive by killing the living.
You are immune to poison.
You have sharp fingernails.
Your flesh is cold resistant. (rC+)
You are immune to negative energy. (rN+++)
You do not regenerate when monsters are visible.
You are immune to unholy pain and torment.


   Skills:
 - Level 3.2 Fighting
 - Level 2.6 Dodging
 - Level 2.1 Stealth
 + Level 5.1 Unarmed Combat


You had 2 spell levels left.
You didn't know any spells.
Your spell library contained the following spells:

 Spells                   Type           Power      Damage    Failure   Level
 Slow                     Hex            0%         N/A       47%         1
 Sting                    Tmut/Pois      0%         1d3       47%         1
 Poisonous Vapours        Pois/Air       0%         N/A       63%         2
 Olgreb's Toxic Radiance  Pois           0%         N/A       99%         4

Inventory:

Armour
 a - a +0 robe (worn)
Scrolls
 e - a scroll of identify {unknown}
 f - a scroll of teleportation {unknown}
Potions
 b - a potion of lignification {unknown}
 c - 2 potions of mutation {unknown}
 d - a potion of heal wounds {unknown}

Dungeon Overview and Level Annotations

Branches:
Dungeon (2/15)

Altars:
Hepliaklqana

..........................#
##.######.###############.#
#.# #.# #.# #.## #.#####
#.# #..# #.....## #.# ##.#
#.###..##########.# #.##
#...............#.# #..#
#...^^.^R.^.^.^.#.# ##.#
#.#.#.#.@.#.#.#...# ####.##
#.#.#.#####.#.#..## #.....#
#..#.#.....#.#...# #.###.#
#...#.#####.#....# ..# #.#
#....#.....#.....# #.###.#
#.#...#####.....##
......###.##...........##
####...##.#########...##
...#.#.##.# #####


You could see the friendly Kendra the ancestor.


Message History

No target in view!
f - a scroll labelled BEYSAF ISSI
Found a stone staircase leading down.
You open the door.
Found a leather armour.
There is a stone staircase leading down here.
There is an open door here.
As you open the door, it creaks loudly!
Found 16 stones.
There is an open door here.
Found 16 stones.
There is an open door here.
Found a spear.
There is an open door here.
Found a stone staircase leading up.
Done exploring.
Done exploring.
Done exploring.
Done exploring.
Search for what [Enter for "altar", or ? for help]?
You see here a +0 ring mail.
There is a faded altar of an unknown god here.
You cannot tell which god this altar belongs to.
Convert to them anyway?
Hepliaklqana accepts your prayer! Hepliaklqana welcomes you!
Hepliaklqana forms a fragment of your life essence into the memory of your ancestor, Kendra!
You can now recall your ancestor.
You can now remember your ancestor's identity.
You may now remember your ancestor's life.
Are you sure you want to abandon this character and quit the game? (Confirm with "yes".)

Skill      XL: |  1  2  3 |
---------------+----------+-----
Unarmed Combat | 4 5 |  5.1
Fighting       | |  3.2
Dodging        | |  2.6
Stealth        | |  2.1

Action                   || total
-------------------------++-------
Melee: Unarmed           ||   111
       Punch             ||     2
 Stab: Sleeping          ||     5
Armor: Robe              ||    31
Dodge: Dodged            ||    60

Levels and vault maps discovered:
D:1:      giann_horns, layout_basic
D:2:      layout_basic, shapermc_ecumenical_altar_rom_forum, minivault_27,
          corexii_hall_statues_deadend

Notes
Turn   | Place    | Note
-------+----------+-------------------------------------------
     0 | D:1      | demibob the Ghoul Monk began the quest for the Orb.
     0 | D:1      | Reached XP level 1. HP: 19/19 MP: 0/0
   213 | D:1      | Reached XP level 2. HP: 19/26 MP: 1/1
   225 | D:1      | Reached skill level 4 in Unarmed Combat
   751 | D:1      | Reached XP level 3. HP: 31/31 MP: 2/2
  1517 | D:2      | Reached skill level 5 in Unarmed Combat
  1623 | D:2      | Found a faded altar of an unknown god.
  1630 | D:2      | Got Plato's Reference Book on Curses
  1992 | D:2      | Prayed at the altar of an unknown god.
  1992 | D:2      | Became a worshipper of Hepliaklqana the Forgotten
  1992 | D:2      | Reached * piety under Hepliaklqana
  1992 | D:2      | Reached ** piety under Hepliaklqana
  1993 | D:2      | Quit the game

Vanquished Creatures
  A worm (D:2)
  4 dart slugs
  2 endoplasms (D:2)
  A giant cockroach (D:1)
  6 goblins
  A hobgoblin (D:1)
  7 jackals (D:1)
  A quokka (D:2)
  3 ball pythons
  3 bats
  2 frilled lizards
  4 kobolds
  2 rats (D:1)
37 creatures vanquished.

Vanquished Creatures (others)
  A fungus (D:2)
  2 plants (D:2)
3 creatures vanquished.

Grand Total: 40 creatures vanquished

Table legend: (Time is in decaauts)
 A = Elapsed time spent in this place.
 B = Non-inter-level travel time spent in this place.
 C = Inter-level travel time spent in this place.
 D = Time resting spent in this place.
 E = Time spent auto-exploring this place.
 F = Levels seen in this place.
 G = Mean time per level.
                   A        B        C        D        E       F      G
               +--------+--------+--------+--------+--------+-----+--------+
         Total |   1983 |   1914 |     69 |      8 |   1655 |   2 |  991.5 |
       Dungeon |   1983 |   1914 |     69 |      8 |   1655 |   2 |  991.5 |
               +--------+--------+--------+--------+--------+-----+--------+

Top non-repeatable levels by time:
     D:1: 1162 daAuts
     D:2: 821 daAuts

Table legend:
 A = Non-vault XP
 B = Vault XP
 C = Vault XP percentage of total XP
 D = Non-vault monster count
 E = Vault monster count
 F = Vault count percentage of total count
                 A         B        C        D         E       F
            +---------+---------+-------+---------+---------+-------
      Total |      71 |       0 |   0.0 |      37 |       0 |   0.0
            +---------+---------+-------+---------+---------+-------
        D:1 |      50 |       0 |   0.0 |      27 |       0 |   0.0
        D:2 |      21 |       0 |   0.0 |      10 |       0 |   0.0
            +---------+---------+-------+---------+---------+-------
